 Dungeon Crawl Stone Soup version 0.32-a0-968-g61e5eb5241 (webtiles) character file.

Game seed: 12872217529260132774

848 GeoRichter the Cleaver (level 7, -4/61 HPs)
             Began as a Mountain Dwarf Reaver on Apr 18, 2024.
             Was an Initiate of Zin.
             Slain by an ogre
             ... wielding a +0 giant club
              (12 damage)
             ... on level 5 of the Dungeon.
             The game lasted 00:08:02 (4424 turns).

GeoRichter the Cleaver (Mountain Dwarf Reaver)      Turns: 4424, Time: 00:08:03

Health: -4/61      AC: 11    Str: 16    XL:     7   Next: 69%
Magic:  9/9        EV:  6    Int: 14    God:    Zin [......]
Gold:   90         SH:  5    Dex: 14    Spells: 8/9 levels left

rFire   . . .        l - +0 hand axe (elec)
rCold   . . .        (no shield)
rNeg    . . .        n - +0 chain mail
rPois   .            (no helmet)
rElec   .            s - +1 cloak
rCorr   .            e - +0 pair of gloves
SInv    .            (no boots)
Will    .....        h - amulet of reflection Stlth
                     y - +6 ring of dexterity
HPRegen 0.30/turn    (no ring)
MPRegen 0.11/turn

%: reflection
@: no status effects
A: runic magic, artefact enchanting
a: Renounce Religion, Donate Gold


You were on level 5 of the Dungeon.
You worshipped Zin.
Zin was noncommittal.
You visited 2 branches of the dungeon, and saw 6 of its levels.

You collected 99 gold pieces.
You donated 9 gold pieces to Zin.

Inventory:

Hand Weapons
 l - a +0 hand axe of electrocution (weapon)
   (You found it on level 1 of the Dungeon)
 t - a +2 antimagic morningstar
   (You took it off an orc on level 4 of the Dungeon)
Missiles
 m - 8 stones (quivered)
Armour
 e - a +0 pair of gloves (worn)
   (You found it on level 1 of the Dungeon)
 n - a +0 chain mail (worn)
   (You found it on level 2 of the Dungeon)
 o - a +0 scale mail
   (You found it on level 2 of the Dungeon)
 s - a +1 cloak (worn)
   (You found it on level 4 of the Dungeon)
Jewellery
 h - an amulet of reflection (around neck)
   (You found it on level 3 of the Dungeon)
 y - a +6 ring of dexterity (left hand)
   (You found it on level 5 of the Dungeon)
Wands
 q - a wand of flame (12)
   (You found it on level 3 of the Dungeon)
Scrolls
 a - a scroll of immolation {unknown}
 b - a scroll of noise {!r}
 f - a scroll of enchant weapon
 g - 2 scrolls of vulnerability {!r}
 p - a scroll of brand weapon {unknown}
 r - a scroll of revelation {unknown}
 v - 3 scrolls of identify {@r1}
 w - a scroll of acquirement {unknown}
 x - a scroll of teleportation {unknown}
Potions
 c - a potion of curing {@q1}
 d - 2 potions of might {unknown}
 i - a potion of ambrosia {unknown}
 j - a potion of brilliance {unknown}
 k - 2 potions of cancellation
 u - a potion of resistance {unknown}


   Skills:
 + Level 5.6 Fighting
 * Level 8.8 Axes
 - Level 1.3 Dodging
 - Level 1.7 Spellcasting
 - Level 2.6 Conjurations
 + Level 3.4 Invocations


You had 8 spell levels left.
You knew the following spells:

 Your Spells              Type           Power      Damage    Failure   Level
a - Kiss of Death         Conj/Necr      16%        2d6       26%         1

Your spell library contained the following spells:

 Spells                   Type           Power      Damage    Failure   Level
 Momentum Strike          Conj/Tloc      8%         3d8       38%         2
 Hailstorm                Conj/Ice       4%         3d5       63%         3


Dungeon Overview and Level Annotations

Branches:
Dungeon (5/15) Zot: 25607  Temple (1/1) D:4 Zot: 5959

Altars:
Ashenzari
Dithmenos
Elyvilon
Hepliaklqana
Kikubaaqudgha
Makhleb
Nemelex Xobeh
Qazlal
Ru
Trog
Uskayaw
Xom
Yredelemnul
Zin


Innate Abilities, Weirdness & Mutations

Your spellcasting is much less encumbered by armour.
You can use scrolls of enchantment on lesser artefacts.


Message History

a +0 trident; an orc corpse
Found 4 stones.
Found a stone staircase leading up.
m - 9 stones (gained 4)
Found an ivory ring.
Found a long sword.
Search for what [? for help]? dart Can't find anything matching that.
y - a +6 ring of dexterity
Found a whip.
An ogre comes into view. It is wielding a +0 giant club.
The ogre shouts!
You feel agile.
y - a +6 ring of dexterity (left hand)
You throw a stone. The stone barely misses the ogre.
You barely miss the ogre. The ogre hits you with a +0 giant club!
You slash the ogre!
The ogre is moderately wounded.
The ogre barely misses you.
You barely miss the ogre.
The ogre is moderately wounded.
You hit the ogre.
The ogre is moderately wounded.
The ogre hits you with a +0 giant club!!
* * * LOW HITPOINT WARNING * * *
You barely miss the ogre.
The ogre is moderately wounded.
You hit the ogre.
The ogre is heavily wounded.
The ogre hits you with a +0 giant club!
* * * LOW HITPOINT WARNING * * *
Okay, then.
You feel better. The ogre hits you with a +0 giant club!
* * * LOW HITPOINT WARNING * * *
You hit the ogre.
The ogre is heavily wounded.
You barely miss the ogre.
The ogre is heavily wounded.
The ogre barely misses you.
You barely miss the ogre.
The ogre is heavily wounded.
You closely miss the ogre.
The ogre is heavily wounded.
The ogre closely misses you.
You completely miss the ogre.
The ogre is heavily wounded.
You hit the ogre.
The ogre is severely wounded.
The ogre hits you with a +0 giant club!
You die...

.......######.....# #.
.....## ###..## ##
..... #..## ####.
..#..# ##..#####...#
####.. ##..#..##...##
#... #...##......# #..#
##..###.##...##
#..O###...##..###....
#..@#....##..###..##
#................###
#.........###..#....
#..........##.##....
.....................
.......................
...........##.#..#.....
............#..........
..............#........


You could see an ogre.

Vanquished Creatures
  Grinder (D:3)
  A wyvern (D:5)
  An ogre (D:3)
  A phantom (D:5)
  A scorpion (D:5)
  A bombardier beetle (D:3)
  Crazy Yiuf (D:3)
  A sleepcap (D:4)
  An iguana (D:5)
  An orc wizard (D:5)
  6 adders
  A ribbon worm (D:3)
  4 dart slugs
  8 orcs
  3 ball pythons
  4 endoplasms
  3 giant cockroaches
  6 hobgoblins
  6 jackals
  3 quokkas (D:2)
  6 bats
  A frilled lizard (D:3)
  8 goblins
  7 kobolds
  4 rats
80 creatures vanquished.

Notes
Turn   | Place    | Note
-------+----------+-------------------------------------------
     0 | D:1      | GeoRichter the Mountain Dwarf Reaver began the quest for
                  | the Orb.
     0 | D:1      | Reached XP level 1. HP: 17/17 MP: 3/3
   342 | D:1      | Reached skill level 4 in Axes
   358 | D:1      | Reached XP level 2. HP: 25/25 MP: 4/4
   924 | D:2      | Reached XP level 3. HP: 29/30 MP: 5/5
  1144 | D:2      | Reached skill level 5 in Axes
  1351 | D:2      | Found a sacrificial altar of Ru.
  1388 | D:2      | Became a worshipper of Ru the Awakened
  1496 | D:2      | Reached XP level 4. HP: 38/38 MP: 6/6
  1820 | D:3      | Noticed Grinder
  1917 | D:3      | Killed Grinder
  1918 | D:3      | Reached skill level 7 in Axes
  1918 | D:3      | Reached XP level 5. HP: 31/47 MP: 7/7
  1918 | D:3      | Reached XP level 6. HP: 35/53 MP: 8/8
  2210 | D:3      | Found a runed translucent door.
  2211 | D:3      | Noticed Crazy Yiuf
  2591 | D:3      | Found a shadowy altar of Dithmenos.
  2997 | D:4      | Found a staircase to the Ecumenical Temple.
  3032 | Temple   | Entered the Ecumenical Temple
  3051 | Temple   | Fell from the grace of Ru
  3051 | Temple   | Became a worshipper of Zin the Law-Giver
  3463 | D:5      | Entered Level 5 of the Dungeon
  3526 | D:5      | Reached skill level 1 in Invocations
  3772 | D:5      | Noticed a wyvern
  3787 | D:5      | Killed a wyvern
  3788 | D:5      | Reached skill level 5 in Fighting
  3788 | D:5      | Reached skill level 8 in Axes
  3788 | D:5      | Reached XP level 7. HP: 45/61 MP: 9/9
  3944 | D:3      | Killed Crazy Yiuf
  4033 | D:5      | Found a broken altar of Ashenzari.
  4040 | D:5      | Found a hazy altar of Hepliaklqana.
  4424 | D:5      | Slain by an ogre

Illustrated notes

Levels and vault maps discovered:
D:1:      dpeg_arrival_connections, layout_basic
D:2:      layout_basic, basic_altar, minmay_hedge_maze
D:3:      layout_basic, nicolae_dithmenos_through_a_glass_darkly,
          uniq_crazy_yiuf_cottage, uniq_grinder
D:4:      layout_cave_pools, minmay_temple_entry_wispy
D:5:      layout_layer_cave, amethyst_overflow_temple_binary
Temple:   chequers_temple_sunken

Skill      XL: |  1  2  3  4  5  6  7 |
---------------+----------------------+-----
Axes           | 4 5 7 8 |  8.8
Fighting       | 3 4 5 |  5.6
Invocations    | 2 3 |  3.4
Dodging        | |  1.3
Spellcasting   | |  1.7
Conjurations   | |  2.6

Action                     |  1- 3 |  4- 6 |  7- 9 || total
---------------------------+-------+-------+-------++-------
  Melee: Hand axe          |   125 |   134 |    38 ||   297
  Throw: Stone             |     1 |     2 |     5 ||     8
  Evoke: Wand              |       |       |     1 ||     1
    Use: Scroll            |     2 |     6 |       ||     8
         Potion            |       |     4 |     1 ||     5
 Armour: Ring mail         |    31 |       |       ||    31
         Chain mail        |    53 |   109 |    18 ||   180
  Dodge: Dodged            |    64 |    34 |     6 ||   104
  Block: Other             |       |    10 |     5 ||    15

Table legend: (Time is in decaauts)
 A = Elapsed time spent in this place.
 B = Non-inter-level travel time spent in this place.
 C = Inter-level travel time spent in this place.
 D = Time resting spent in this place.
 E = Time spent auto-exploring this place.
 F = Levels seen in this place.
 G = Mean time per level.
                   A        B        C        D        E       F      G
               +--------+--------+--------+--------+--------+-----+--------+
         Total |   4432 |   4140 |    292 |     39 |   3112 |   6 |  738.7 |
       Dungeon |   4392 |   4117 |    275 |     39 |   3112 |   5 |  878.4 |
        Temple |     40 |     23 |     17 |      0 |      0 |   1 |   40.0 |
               +--------+--------+--------+--------+--------+-----+--------+

Top non-repeatable levels by time:
     D:2: 1227 daAuts
     D:3: 924 daAuts
     D:1: 867 daAuts
     D:5: 776 daAuts
     D:4: 597 daAuts
  Temple: 40 daAuts
